 Dungeon Crawl Stone Soup version 0.23.1-42-g8abd8fc (webtiles) character file.

Game seed: 6113248911737873219

242 redwoodhats the Charlatan (level 5, -1/25 HPs)
             Began as a Spriggan Artificer on Mar 30, 2019.
             Slain by a crocodile (9 damage)
             ... in a sewer.
             The game lasted 00:18:21 (4577 turns).

redwoodhats the Charlatan (Spriggan Artificer)      Turns: 4577, Time: 00:18:23

Health: -1/25      AC: 10    Str:  9    XL:     5   Next: 82%
Magic:  9/9        EV: 20    Int: 12    God:
Gold:   163        SH:  0    Dex: 17    Spells: 4/4 levels left

rFire    + . .     SeeInvis +   p - +3 war axe of Vudiew {chop, +Blink rC+ rN+}
rCold    . . .     Gourm    .   (shield restricted)
rNeg     + . .     Faith    .   b - +1 robe
rPois    .         Spirit   .   (helmet restricted)
rElec    .         Reflect  .   v - +1 cloak
rCorr    .         Harm     .   (gloves unavailable)
MR       .....                  (boots unavailable)
Stlth    ++........             (no amulet)
HPRegen  0.08/turn              t - +5 ring of protection
MPRegen  0.11/turn              q - ring of fire

@: very quick
A: very small, unfitting armour, see invisible, herbivore, speed 3, slow
metabolism 2
a: Evoke Blink


You were in a sewer.
You were not hungry.

You visited 1 branch of the dungeon, and saw 4 of its levels.
You also visited: Sewer.

You collected 163 gold pieces.

Inventory:

Hand Weapons
 a - a +0 short sword
 j - a +0 quarterstaff
 p - the +3 war axe of Vudiew (weapon) {chop, +Blink rC+ rN+}
   (You found it on level 4 of the Dungeon)

   It inflicts extra damage upon your enemies.
   It protects you from cold.
   It protects you from negative energy.
   It lets you blink.
Missiles
 k - 6 javelins of returning
Armour
 b - a +1 robe (worn)
 h - a +0 leather armour
 l - a +0 pair of gloves
 u - a +2 centaur barding
 v - a +1 cloak (worn)
 w - a +0 pair of boots
Jewellery
 m - an uncursed amulet of inaccuracy
 q - a ring of fire (right hand)
 r - an uncursed ring of poison resistance
 t - a +5 ring of protection (left hand)
Wands
 c - a wand of flame (11)
 d - a wand of enslavement (16)
 e - a wand of random effects (15)
Scrolls
 g - 4 scrolls of remove curse
 n - 3 scrolls of teleportation
 s - a scroll of magic mapping
 x - a scroll of identify
Potions
 i - a potion of brilliance
 o - a potion of heal wounds {unknown}
 z - a potion of curing
Comestibles
 f - 6 rations


   Skills:
 + Level 1.5 Fighting
 + Level 2.8 Short Blades
 + Level 2.3 Staves
 + Level 4.6 Dodging
 + Level 2.7 Stealth
 + Level 4.7 Evocations


You had 4 spell levels left.
You didn't know any spells.
Your spell library was empty.

Dungeon Overview and Level Annotations

Branches:
Dungeon (4/15)
 Temple: D:4-7

Altars:
Ashenzari
Fedhas


Innate Abilities, Weirdness & Mutations

You are very small and have problems with some larger weapons.
You are too small for most types of armour.
You have supernaturally acute eyesight. (SInv)
You are a herbivore.
You cover ground extremely quickly.
You need to consume almost no food.


Message History

Found a gate leading back out of this place.
A crocodile comes into view.
Found a pink potion and 27 gold pieces.
Found a ration, 40 gold pieces and a scroll of remove curse.
You hit the crocodile.
The crocodile is lightly wounded.
The crocodile barely misses you.
You hit the crocodile.
The crocodile is heavily wounded.
The crocodile bites you! The crocodile completely misses you.
You closely miss the crocodile.
The crocodile is heavily wounded.
The crocodile bites you.
You closely miss the crocodile.
The crocodile is heavily wounded.
The crocodile bites you. x2
You hit the crocodile.
The crocodile is severely wounded.
The crocodile bites you!
You die...

###### #.....#
$......
?$.....#############
%!......t@.........∩
$$.....####.########
$...... #.# #.....#
#.# ###### #.# #.#
#.# ##.## ##...##


You could see a crocodile.

Vanquished Creatures
  An orc priest (D:3)
  An orc wizard (D:3)
  5 orcs (D:3)
  5 adders
  2 worms
  6 ball pythons
  11 bats
  2 giant cockroaches
  10 goblins
  9 hobgoblins
  5 jackals (D:2)
  7 kobolds
  2 quokkas (D:3)
  A frilled lizard (D:2)
  5 rats
72 creatures vanquished.

Vanquished Creatures (collateral kills)
  Terence (D:3)
  An adder (D:2)
  A gnoll (D:2)
  A leopard gecko (D:3)
  An orc (D:3)
  2 jackals (D:2)
  A kobold (D:3)
  2 ball pythons (D:3)
10 creatures vanquished.

Vanquished Creatures (others)
  A jackal (D:2)
1 creature vanquished.

Grand Total: 83 creatures vanquished

Notes
Turn   | Place    | Note
-------+----------+-------------------------------------------
     0 | D:1      | redwoodhats the Spriggan Artificer began the quest for the
                  | Orb.
     0 | D:1      | Reached XP level 1. HP: 9/9 MP: 4/4
  1085 | D:1      | Reached XP level 2. HP: 4/14 MP: 6/6
  2223 | D:2      | Reached skill level 1 in Fighting
  2223 | D:2      | Reached XP level 3. HP: 15/18 MP: 7/7
  2735 | D:2      | Reached XP level 4. HP: 8/22 MP: 8/8
  3560 | D:3      | Noticed Terence
  3568 | D:3      | Reached skill level 1 in Staves
  3570 | D:3      | Killed Terence
  3582 | D:3      | Reached XP level 5. HP: 16/25 MP: 9/9
  3697 | D:3      | Found a shattered altar of Ashenzari.
  3828 | D:3      | HP: 1/25 [orc priest/divine providence (15)]
  4273 | D:3      | Found a blossoming altar of Fedhas.
  4486 | D:4      | Found a glowing drain.
  4527 | D:4      | Got a polished war axe
  4528 | D:4      | Identified the +3 war axe of Vudiew {chop, +Blink rC+ rN+}
                  | (You found it on level 4 of the Dungeon)
  4539 | Sewer    | Entered a sewer
  4565 | Sewer    | Noticed a crocodile
  4577 | Sewer    | Slain by a crocodile

Skill      XL: |  1  2  3  4  5 |
---------------+----------------+-----
Short Blades   | 2 |  2.8
Fighting       | 1 |  1.5
Stealth        | 2 |  2.7
Dodging        | 4 |  4.6
Staves         | 1 2 |  2.3
Evocations     | |  4.7

Action                   |  1- 3 |  4- 6 || total
-------------------------+-------+-------++-------
Melee: Short sword       |    96 |       ||    96
       Quarterstaff      |    62 |   151 ||   213
       War axe           |       |    12 ||    12
Evoke: Wand              |     3 |     5 ||     8
  Use: Scroll            |     4 |     5 ||     9
       Potion            |     4 |     1 ||     5
 Stab: Sleeping          |     1 |     3 ||     4
       Distracted        |       |     1 ||     1
  Eat: Ration            |       |     1 ||     1
Armor: Robe              |    12 |    30 ||    42
Dodge: Dodged            |   134 |   211 ||   345
